AoeStats
← DK_Odysseo

Arabia

507498790Analyzed
1v1 RM · 13d ago on Sep 18, 2026· 35m 8s· 2 players
Game mode
Random Map
Map size
Tiny (2 player)
Population
200
Speed
Normal
Resources
Standard
Victory
Conquest
Starting age
Dark Age
Ending age
Imperial Age
RankedLock teamsTeams togetherTeam positionsShared explorationLock speedFull tech treeHidden civsTurbo modeCheats
Victory
Defeat
🇪🇸 Tatars · Spain
1822
+11
🇨🇱 Poles · Chile
1713
-11
PorotosConRiendas
5:34 Loom
6:49 Loom
9:02 Feudal Age
9:46 Double-Bit Axe
10:07 Horse Collar
15:51 Wheelbarrow
17:33 Gold Mining
20:32 Castle Age
19:23 Stone Mining
20:33 Forging
22:04 Bow Saw
21:52 Town Watch
22:53 Stone Shaft Mining
23:39 Bloodlines
23:30 Husbandry
25:11 Iron Casting
27:14 Fletching
28:28 Ballistics
31:01 Elite Skirmisher
33:59 Padded Archer Armor
34:09 Bodkin Arrow
DK_Odysseo
5:56 Loom
8:56 Feudal Age
9:25 Double-Bit Axe
9:33 Horse Collar
20:39 Castle Age
19:24 Padded Archer Armor
19:18 Gold Mining
20:02 Fletching
21:17 Bodkin Arrow
21:45 Husbandry
24:43 Bow Saw
26:35 Ballistics
27:37 Leather Archer Armor
30:36 Wheelbarrow
31:41 Bloodlines
35:01 Imperial Age
32:17 Town Watch
34:35 Hand Cart
35:29 Scale Barding Armor
35:34 Forging
35:43 Bracer
36:44 Chemistry
Connection lost

Rejoining the realm…

Still unreachable

The connection could not be restored.

Session expired

The server has moved on; the page needs a fresh start.